 Dungeon Crawl Stone Soup version 0.25.1-2-g60ff931df9 (webtiles) character file.

Game seed: 9644721343174023846

1463 DogServant the Grappler (level 8, -2/69 HPs)
             Began as a Pale Draconian Transmuter on Nov 10, 2020.
             Was a Believer of Okawaru.
             Slain by a killer bee (5 damage)
             ... on level 5 of the Dungeon.
             The game lasted 00:07:11 (5723 turns).

DogServant the Grappler (Pale Draconian Transmuter) Turns: 5723, Time: 00:07:12

Health: -2/69      AC: 10    Str: 15    XL:     8   Next: 48%
Magic:  7/11       EV: 16    Int: 13    God:    Okawaru [**....]
Gold:   220        SH:  0    Dex: 12    Spells: 5/11 levels left

rFire    . . .     SeeInvis .     - Unarmed
rCold    . . .     Gourm    .   (no shield)
rNeg     . . .     Faith    .   (armour unavailable)
rPois    .         Spirit   .   (helmet restricted)
rElec    .         Reflect  .   r - +0 cloak
rCorr    .         Harm     .   f - +1 pair of gloves
MR       .....                  A - +0 pair of boots
Stlth    +++.......             (no amulet)
HPRegen  0.21/turn              (no ring)
MPRegen  0.12/turn              (no ring)

@: brilliant, lethally poisoned (-2 -> -26), heroism
A: breathe steam, unfitting armour, cold-blooded, AC +6
a: Breathe Steam, Heroism, Renounce Religion


You were on level 5 of the Dungeon.
You worshipped Okawaru.
Okawaru was pleased with you.
You were hungry.

You visited 1 branch of the dungeon, and saw 6 of its levels.

You collected 220 gold pieces.

Inventory:

Hand Weapons
 o - a +0 hand axe
Missiles
 a - 112 arrows
 x - 19 poisoned darts (quivered)
Armour
 f - a +1 pair of gloves (worn)
 r - a +0 cloak (worn)
 A - a +0 pair of boots (worn)
Wands
 m - a wand of polymorph (6)
Scrolls
 b - 2 scrolls of remove curse
 e - 4 scrolls of teleportation
 g - a scroll of magic mapping
 h - 3 scrolls of enchant armour
 l - 5 scrolls of identify {unknown}
 s - a scroll of immolation {unknown}
 t - a scroll of fog {unknown}
 y - a scroll of amnesia {unknown}
Potions
 d - 2 potions of stabbing
 j - a potion of brilliance
 k - a potion of haste {unknown}
 n - 3 potions of curing {unknown}
 p - a potion of mutation {unknown}
 q - a potion of ambrosia {unknown}
 u - a potion of resistance {unknown}
 w - a potion of flight {unknown}
 z - a potion of berserk rage {unknown}
Comestibles
 c - 7 rations


   Skills:
 + Level 5.5(10.5) Fighting
 - Level 3.0(8.0) Dodging
 * Level 8.7(13.7) Unarmed Combat
 - Level 2.0 Spellcasting
 - Level 4.0 Transmutations


You had 5 spell levels left.
You knew the following spells:

 Your Spells              Type           Power        Failure   Level  Hunger
a - Beastly Appendage     Tmut           ###...       4%          1    None
b - Sticks to Snakes      Tmut           ###.....     8%          2    None
c - Spider Form           Tmut/Pois      #.........   32%         3    None

Your spell library contained the following spells:

 Spells                   Type           Power        Failure   Level  Hunger
 Ice Form                 Ice/Tmut       #.......     73%         4    None
 Blade Hands              Tmut           ###.......   80%         5    None


Dungeon Overview and Level Annotations

Branches:
Dungeon (6/15)             Temple (0/1) D:5

Altars:
Ashenzari
Nemelex Xobeh
Okawaru
Qazlal
Sif Muna

Annotations:
D:3 Grinder


Innate Abilities, Weirdness & Mutations

You can breathe blasts of scalding, opaque steam.
Your pale cyan-grey scales are hard. (AC +6)
You cannot fit into any form of body armour.
You are cold-blooded and may be slowed by cold attacks.


Message History

Okawaru accepts your kill.
* * * LOW HITPOINT WARNING * * *
You feel very sick. The killer bee completely misses you.
Unknown command.
It was a potion of cancellation.
Your magical effects are unravelling.
You feel magically purged.
Your horns disappear.
You feel less ready to backstab.
* * * LOW HITPOINT WARNING * * *
You feel sick. The killer bee stings you.
* * * LOW HITPOINT WARNING * * *
The killer bee closely misses you.
It was a potion of brilliance.
You feel clever all of a sudden.
You have got your breath back.
* * * LOW HITPOINT WARNING * * *
You feel very sick. The killer bee stings you.
You die...

#....# ###.##### #.####
#.#### #.......# #...)# #.#
#.#.###.# ####.# #.#
#.#.###.# #.# #.#
###....##.# #.# #.#
#.......#.# #.#
##.########.#....##.# #.#
#...........#>#.###.######.#
##.##########@#............#
### #.y.....########
###.##### #.# #.# #########
#.# #.......#### #.#
#.#####(...# #.# #.# ##.....
#.# #.####......


You could see a killer bee.

Vanquished Creatures
  Prince Ribbit (D:5)
  An ice beast (D:5)
  2 ogres
  Blork the orc (D:5)
  5 scorpions (D:5)
  2 killer bees (D:5)
  A jelly (D:5)
  2 crimson imps (D:5)
  A centaur zombie (D:5)
  A hound (D:4)
  A centaur skeleton (D:4)
  Jessica (D:3)
  Terence (D:2)
  2 orc wizards
  An iguana (D:3)
  3 worker ants
  4 gnolls (D:4)
  7 adders
  A shadow imp (D:5)
  An ooze (D:2)
  2 dart slugs
  4 leopard geckos
  16 orcs
  2 ball pythons
  2 giant cockroaches (D:5)
  6 goblins
  2 hobgoblins (D:3)
  15 jackals
  4 kobolds
  A quokka (D:4)
  9 bats
  3 frilled lizards
  A leopard gecko skeleton (D:4)
  8 rats
114 creatures vanquished.

Vanquished Creatures (collateral kills)
  A kobold (D:3)
1 creature vanquished.

Grand Total: 115 creatures vanquished

Notes
Turn   | Place    | Note
-------+----------+-------------------------------------------
     0 | D:1      | DogServant the Draconian Transmuter began the quest for the
                  | Orb.
     0 | D:1      | Reached XP level 1. HP: 16/16 MP: 3/3
   701 | D:1      | Reached XP level 2. HP: 23/23 MP: 5/5
   863 | D:2      | Found an iron altar of Okawaru.
   950 | D:2      | Became a worshipper of Warmaster Okawaru
  1036 | D:2      | Reached XP level 3. HP: 26/28 MP: 4/6
  1114 | D:2      | Learned a level 2 spell: Sticks to Snakes
  1118 | D:2      | Learned a level 3 spell: Spider Form
  1306 | D:2      | Reached skill level 4 in Unarmed Combat
  1381 | D:2      | Noticed Terence
  1398 | D:2      | Killed Terence
  1398 | D:2      | Reached XP level 4. HP: 24/35 MP: 4/7
  1942 | D:3      | Noticed Jessica
  1950 | D:3      | Killed Jessica
  2019 | D:3      | Noticed Grinder
  2053 | D:3      | Reached XP level 5. HP: 29/40 MP: 3/8
  2432 | D:3      | Found a sparkling altar of Nemelex Xobeh.
  2508 | D:4      | Reached * piety under Okawaru
  2508 | D:4      | Reached skill level 5 in Unarmed Combat
  2740 | D:4      | Noticed an ogre
  2753 | D:3      | Found a stormy altar of Qazlal.
  2851 | D:3      | Reached XP level 6. HP: 39/48 MP: 9/9
  3993 | D:5      | Entered Level 5 of the Dungeon
  4011 | D:5      | Reached skill level 6 in Unarmed Combat
  4011 | D:5      | Your scales start taking on a pale cyan-grey colour.
  4011 | D:5      | Reached XP level 7. HP: 35/56 MP: 7/10
  4557 | D:5      | Reached skill level 7 in Unarmed Combat
  4580 | D:5      | Noticed Prince Ribbit
  4598 | D:5      | Killed Prince Ribbit
  4598 | D:5      | Reached XP level 8. HP: 14/67 MP: 6/11
  4950 | D:5      | Found a shimmering blue altar of Sif Muna.
  4959 | D:5      | Found a shattered altar of Ashenzari.
  5177 | D:5      | Found a staircase to the Ecumenical Temple.
  5257 | D:5      | Reached ** piety under Okawaru
  5257 | D:5      | Reached skill level 8 in Unarmed Combat
  5468 | D:5      | Noticed Blork the orc
  5478 | D:5      | Killed Blork the orc
  5478 | D:5      | Reached skill level 5 in Fighting
  5723 | D:5      | HP: 3/69 [poisoned by a killer bee]
  5723 | D:5      | Slain by a killer bee

Illustrated notes

Levels and vault maps discovered:
D:1:      minmay_arrival_five_plusses, layout_basic
D:2:      layout_rooms, okawaru_trees_2, uniq_terence
D:3:      minmay_razor_zed, layout_rooms, grunt_qazlal_clouds,
          old_standard_altar, marbit_many_paths, first_ration, uniq_grinder,
          uniq_jessica
D:4:      layout_loops_corners
D:5:      layout_loops_corners, amethyst_overflow_temple_binary,
          minmay_temple_entry_butterflies, uniq_prince_ribbit1,
          uniq_blork_the_orc
D:6:      layout_cave_pods, minitemple, serial_shops, kennysheep_little_box,
          hangedman_abyss_or_decor_stabs

Skill      XL: |  1  2  3  4  5  6  7  8 |
---------------+-------------------------+-----
Dodging        | 2 3 |  3.0
Unarmed Combat | 4 5 6 7 8 |  8.7
Transmutations | 3 4 |  4.0
Fighting       | 2 4 5 |  5.5
Spellcasting   | |  2.0

Action                   |  1- 3 |  4- 6 |  7- 9 || total
-------------------------+-------+-------+-------++-------
Melee: Unarmed           |   118 |   193 |    89 ||   400
       Headbutt          |     6 |     8 |     2 ||    16
       Tailslap          |     7 |    15 |    13 ||    35
       Punch             |     2 |     2 |     1 ||     5
       Kick              |     6 |    12 |     1 ||    19
 Cast: Beastly Appendage |    10 |    16 |     6 ||    32
       Sticks to Snakes  |     1 |     2 |       ||     3
       Spider Form       |       |     2 |     3 ||     5
Invok: Heroism           |       |       |     2 ||     2
 Abil: Breathe Steam     |       |       |     7 ||     7
  Use: Scroll            |       |     5 |       ||     5
       Potion            |       |       |     3 ||     3
 Stab: Sleeping          |     2 |       |     1 ||     3
       Distracted        |       |       |     1 ||     1
  Eat: Chunk             |     2 |     7 |     2 ||    11
       Ration            |       |     1 |     1 ||     2
Armor: Skin              |    49 |    61 |    26 ||   136
Dodge: Dodged            |   102 |   133 |    63 ||   298
